 Dungeon Crawl Stone Soup version 0.18.1-50-g88ac8fd (webtiles) character file.

2801 raph the Slicer (level 10, -4/61 HPs)
             Began as a Kobold Berserker on Oct 25, 2016.
             Was an Elder of Trog.
             Slain by an orc warrior
             ... wielding a +0 battleaxe
              (22 damage)
             ... on level 8 of the Dungeon.
             The game lasted 00:20:27 (9409 turns).

raph the Slicer (Kobold Berserker)                  Turns: 9409, Time: 00:20:28

Health: -4/61      AC:  5    Str: 15    XL:     10   Next: 2%
Magic:  10/10      EV: 19    Int:  5    God:    Trog [****..]
Gold:   103        SH:  7    Dex: 20    Spells: 0 memorised, 9 levels left

rFire  . . .     SeeInvis .     a - +1 short sword
rCold  + . .     Gourm    .     x - +0 leather armour
rNeg   . . .     Faith    .     B - +1 buckler {rC+}
rPois  .         Spirit   .     h - +1 helmet
rElec  .         Dismiss  .     (no cloak)
rCorr  +         Reflect  .     (no gloves)
SustAt .         Harm     .     (no boots)
MR     .....                    (no amulet)
Stlth  ++........               (no ring)
                                l - ring of resist corrosion

@: exhausted, slowed, very slow, not resistant to hostile enchantments,
unstealthy
A: carnivore 3
a: Berserk, Trog's Hand, Brothers in Arms, Burn Spellbooks, Renounce Religion


You were on level 8 of the Dungeon.
You worshipped Trog.
Trog was greatly pleased with you.
You were very full.

You visited 1 branch of the dungeon, and saw 8 of its levels.
You also visited: Ossuary.

You collected 334 gold pieces.
You spent 231 gold pieces at shops.

Inventory:

Hand Weapons
 a - a +1 short sword (weapon)
 b - a +0 hunting sling
Missiles
 i - 282 stones
 p - a throwing net (quivered)
 w - 19 sling bullets
Armour
 h - a +1 helmet (worn)
 x - a +0 leather armour (worn)
 B - a +1 buckler of cold resistance (worn)
Jewellery
 l - a ring of resist corrosion (left hand)
Wands
 q - a wand of digging (13/24)
 r - a wand of flame (38/48)
 C - a wand of flame (34/48)
Scrolls
 d - 2 scrolls of teleportation
 e - 5 scrolls of enchant weapon
 n - 5 scrolls of fog
 s - 2 scrolls of recharging
 v - a scroll of magic mapping
 y - 3 scrolls of fear
 A - a scroll of identify
Potions
 f - 4 potions of curing
 j - 2 potions of agility
 k - 2 potions of lignification
 m - 2 potions of magic
 o - 5 potions of mutation {unknown}
 t - 2 potions of heal wounds
 u - 3 potions of berserk rage {unknown}
 z - 4 potions of brilliance
Comestibles
 c - 4 meat rations
 g - a royal jelly


   Skills:
 + Level 6.7 Fighting
 * Level 11.0 Short Blades
 - Level 3.0 Slings
 + Level 4.6 Armour
 + Level 6.7 Dodging
 + Level 2.6 Shields


You had 9 spell levels left.
You didn't know any spells.

Dungeon Overview and Level Annotations

Branches:
Dungeon (8/15)             Temple (0/1) D:5
   Lair: D:8-11

Altars:
Dithmenos
Elyvilon
Fedhas
Gozag
Nemelex Xobeh
Okawaru
Sif Muna
Vehumet
Zin
The Shining One
Beogh

Shops:
D:5 *


Innate Abilities, Weirdness & Mutations

You are small and have problems with some larger weapons.
You are carnivorous and can eat meat at any time.


Message History

You block the orc warrior's attack.
You hit the orc warrior but do no damage.
The orc warrior is severely wounded.
You closely miss the orc warrior.
The orc warrior is severely wounded.
You barely miss the orc warrior.
The orc warrior is severely wounded.
You block the orc priest's attack. The orc priest closely misses you.
The orc warrior hits you with a battleaxe!!
* * * LOW HITPOINT WARNING * * *
You hit the orc warrior.
The orc warrior is severely wounded.
You are no longer berserk.
You are exhausted.
You feel yourself slow down.
You hit the orc warrior but do no damage.
The orc warrior is severely wounded.
You block the orc priest's attack. The orc priest misses you.
The orc warrior hits you with a battleaxe!!
You die...

###########
#o@.......###
#.######p...#
...)..oo#
####.#
....(.... #.#
#######.##
#.# #.# #.#
... #.# #..
#.# ... #)#


You could see an orc warrior, 2 orc priests and a neutral freed slave
(wandering).

Vanquished Creatures
  Pikel (D:8)
  Sigmund (D:6)
  A wraith (Ossuary)
  A water moccasin (D:6)
  The ghost of baljet the Digger, an amateur GrEE of Vehumet (D:3)
  An orc warrior (D:7)
  2 ice beasts (D:7)
  A slave (D:8)
  2 phantoms (D:6)
  A black bear (D:7)
  2 centaurs
  2 ogres
  A giant frog (D:7)
  3 howler monkeys (D:7)
  2 crimson imps
  4 hounds
  A giant frog skeleton (D:6)
  A giant frog zombie (D:5)
  3 orc priests (D:7)
  Natasha (thrice) (D:2)
  An iguana (D:4)
  5 worker ants
  A hound skeleton (D:6)
  A mummy (Ossuary)
  A worker ant zombie (D:6)
  6 adders
  2 shadow imps (D:6)
  An ooze (D:3)
  2 adder skeletons
  A worm (D:3)
  A dart slug (D:1)
  9 giant geckos
  15 orcs
  6 giant cockroaches
  9 goblins
  11 hobgoblins
  7 jackals
  8 kobolds
  5 quokkas
  2 ball pythons
  5 bats
  A giant gecko zombie (D:6)
  5 giant newts
  9 gnoll skeletons (Ossuary)
  4 kobold skeletons (Ossuary)
  12 orc skeletons (Ossuary)
  6 rats
170 creatures vanquished.

Notes
Turn   | Place    | Note
--------------------------------------------------------------
     0 | D:1      | raph the Kobold Berserker began the quest for the Orb.
     0 | D:1      | Reached XP level 1. HP: 14/14 MP: 1/1
   430 | D:1      | Reached XP level 2. HP: 17/19 MP: 2/2
   778 | D:1      | Reached XP level 3. HP: 23/23 MP: 3/3
  1186 | D:1      | Found a sparkling altar of Nemelex Xobeh.
  1884 | D:1      | Reached skill level 5 in Short Blades
  2020 | D:2      | Found a shadowy altar of Dithmenos.
  2021 | D:2      | Reached XP level 4. HP: 28/28 MP: 4/4
  2043 | D:2      | Noticed Natasha
  2050 | D:2      | Killed Natasha
  2050 | D:2      | Reached ** piety under Trog
  2351 | D:2      | Noticed Natasha
  2357 | D:2      | Killed Natasha
  2357 | D:2      | Reached XP level 5. HP: 29/33 MP: 5/5
  2406 | D:2      | Noticed Natasha
  2496 | D:2      | Killed Natasha
  3110 | D:3      | Noticed an ogre
  3121 | D:3      | Killed an ogre
  3121 | D:3      | Reached skill level 6 in Short Blades
  3121 | D:3      | Reached XP level 6. HP: 38/38 MP: 6/6
  3197 | D:3      | Found a white marble altar of Elyvilon.
  3302 | D:3      | Found an iron altar of Okawaru.
  3372 | D:3      | Noticed baljet's ghost (amateur GrEE)
  3396 | D:3      | Killed baljet's ghost
  3677 | D:3      | Reached *** piety under Trog
  3677 | D:3      | Reached XP level 7. HP: 44/44 MP: 7/7
  3869 | D:3      | Found a glowing golden altar of the Shining One.
  4108 | D:4      | Reached skill level 7 in Short Blades
  5431 | D:4      | Reached skill level 5 in Fighting
  5630 | D:5      | Entered Level 5 of the Dungeon
  5709 | D:5      | Found a sand-covered staircase.
  5756 | Ossuary  | Entered an ossuary
  5756 | Ossuary  | Noticed a wraith
  5756 | Ossuary  | Noticed a wraith
  5756 | Ossuary  | Noticed a wraith
  5775 | Ossuary  | Reached skill level 8 in Short Blades
  5780 | Ossuary  | Reached XP level 8. HP: 49/49 MP: 8/8
  5870 | Ossuary  | Noticed a wraith
  5890 | Ossuary  | Killed a wraith
  5890 | Ossuary  | Reached skill level 5 in Dodging
  6336 | D:5      | Found Farhyent's General Store.
  6410 | D:5      | Identified a scroll of acquirement
  6466 | D:5      | Found an opulent altar of Gozag.
  6466 | D:5      | Found a glowing silver altar of Zin.
  6628 | D:5      | Found a staircase to the Ecumenical Temple.
  7034 | D:5      | Bought a +1 buckler of cold resistance for 231 gold pieces
  7083 | D:6      | Reached skill level 1 in Slings
  7200 | D:6      | Found a sparkling altar of Nemelex Xobeh.
  7248 | D:6      | Found a blossoming altar of Fedhas.
  7387 | D:6      | Noticed Sigmund
  7393 | D:6      | Killed Sigmund
  7393 | D:6      | Reached skill level 9 in Short Blades
  7808 | D:6      | Reached skill level 1 in Shields
  7808 | D:6      | Reached XP level 9. HP: 31/55 MP: 9/9
  7983 | D:6      | Found a deep blue altar of Sif Muna.
  8463 | D:7      | Found a radiant altar of Vehumet.
  8481 | D:7      | Reached skill level 10 in Short Blades
  8734 | D:7      | Found a roughly hewn altar of Beogh.
  8744 | D:7      | Reached **** piety under Trog
  9313 | D:8      | Noticed Pikel
  9337 | D:8      | Killed Pikel
  9337 | D:8      | Reached skill level 11 in Short Blades
  9337 | D:8      | Reached XP level 10. HP: 61/61 MP: 10/10
  9409 | D:8      | Slain by an orc warrior

Skill      XL: |  1  2  3  4  5  6  7  8  9 |
---------------+----------------------------+-----
Armour         | 2 3 4 |  4.6
Short Blades   | 5 6 8 9 11 | 11.0
Dodging        | 3 4 5 6 |  6.7
Fighting       | 4 5 6 |  6.7
Slings         | 2 3 |  3.0
Shields        | 1 2 |  2.6

Action                   |  1- 3 |  4- 6 |  7- 9 | 10-12 || total
-------------------------+-------+-------+-------+-------++-------
Melee: Short sword       |    95 |    96 |   573 |    13 ||   777
       Dagger            |       |    15 |       |       ||    15
 Fire: Hunting sling     |       |    12 |    28 |     3 ||    43
Invok: Berserk           |     3 |    11 |    13 |     1 ||    28
       Trog's Hand       |       |     1 |     1 |       ||     2
  Use: Scroll            |       |       |    20 |       ||    20
 Stab: Sleeping          |     2 |     1 |     2 |       ||     5
       Distracted        |       |       |     2 |       ||     2
  Eat: Chunk             |    15 |    11 |    36 |       ||    62
Armor: Animal skin       |    10 |    11 |     1 |       ||    22
       Leather armour    |       |       |    44 |     1 ||    45
Dodge: Dodged            |    58 |    64 |   266 |     7 ||   395
Block: Buckler           |       |       |    83 |     4 ||    87
